 Dungeon Crawl Stone Soup version 0.25-a0-290-g4a1327ee3a (webtiles) character file.

Game seed: 14424280234183364112, levelgen mode: classic

234 Borgoz the Cutter (level 6, -3/57 HPs)
             Began as a Kobold Gladiator on Dec 14, 2019.
             Was a Follower of Ashenzari.
             Killed by divine providence
             ... invoked by an orc priest
              (11 damage)
             ... on level 4 of the Dungeon on Dec 15, 2019.
             The game lasted 00:04:04 (2615 turns).

Borgoz the Cutter (Kobold Gladiator)                Turns: 2615, Time: 00:04:05

Health: -3/57      AC: 23    Str: 13    XL:     6   Next: 26%
Magic:  6/6        EV:  3    Int: 10    God:    Ashenzari [*.....]
Gold:   142        SH:  0    Dex: 16    Spells: 5/5 levels left

rFire    . . .     SeeInvis .   a - +0 rapier (curse)
rCold    + . .     Gourm    .   (shield restricted)
rNeg     + + +     Faith    .   (armour currently unavailable)
rPois    +         Spirit   .   (helmet currently unavailable)
rElec    .         Reflect  .   (cloak currently unavailable)
rCorr    .         Harm     .   (gloves currently unavailable)
MR       .....     NoTele   +   (boots currently unavailable)
Stlth    ++........             (no amulet)
HPRegen  0.19/turn              m - ring of stealth
MPRegen  0.10/turn              x - ring of protection from cold

@: confused, tree-form
A: small, carnivore
a: Curse Item, Scrying, Renounce Religion


You were on level 4 of the Dungeon.
You worshipped Ashenzari.
Ashenzari was aware of your devotion.
You were completely stuffed.
You were a tree.
You visited 1 branch of the dungeon, and saw 4 of its levels.

You collected 142 gold pieces.

Inventory:

Hand Weapons
 a - a cursed +0 rapier (weapon)
 v - a +0 rapier
Missiles
 d - 3 throwing nets (quivered)
Armour
 c - a +0 helmet (melded)
 n - a +0 ring mail (melded)
 o - a cursed scarf of spirit shield (melded)
Jewellery
 m - a ring of stealth (left branch)
 q - an uncursed amulet of the acrobat
 x - a ring of protection from cold (right branch)
Wands
 p - a wand of paralysis (11)
Scrolls
 b - 2 scrolls of teleportation {unknown}
 e - 2 scrolls of fog {unknown}
 h - 5 scrolls of remove curse
 j - 2 scrolls of random uselessness {unknown}
 r - a scroll of amnesia {unknown}
 s - a scroll of noise {unknown}
 u - a scroll of blinking {unknown}
 y - a scroll of immolation {unknown}
Potions
 g - a potion of magic
 i - a potion of ambrosia
 k - a potion of mutation {unknown}
 l - 2 potions of lignification
Comestibles
 f - 3 rations
 t - a chunk of flesh


   Skills:
 * Level 3.9 Fighting
 * Level 5.5 Short Blades
 - Level 2.1 Throwing
 + Level 1.3 Armour
 * Level 4.8 Dodging
 + Level 2.5 Stealth
 + Level 0.3 Spellcasting


You had 5 spell levels left.
You didn't know any spells.
Your spell library was empty.

Dungeon Overview and Level Annotations

Branches:
Dungeon (4/15)
 Temple: D:4-7

Altars:
Ashenzari
Ru
Xom
The Shining One

Shops:
D:4 [


Innate Abilities, Weirdness & Mutations

You are small and have problems with some larger weapons.
You are carnivorous and can eat meat at any time.


Message History

The orc priest hits you but does no damage.
The orc hits you but does no damage.
You hit the orc priest.
The orc priest is moderately wounded.
The orc priest mumbles some strange prayers to Beogh against you.
Beogh smites you!
* * * LOW HITPOINT WARNING * * *
The orc hits you with a +0 flail.
* * * LOW HITPOINT WARNING * * *
You are confused.
You feel invigorated.
The orc priest hits you but does no damage.
The orc priest calls down the wrath of Beogh upon you.
Beogh smites you!
* * * LOW HITPOINT WARNING * * *
The orc hits you but does no damage.
You swing at nothing.
The orc priest invokes the aid of Beogh against you.
Beogh smites you!
You die...

#### ##... ...#
######.o#
#.....oo#
#.#####♣#######
..............#
#######.#####.#
.........#
########..# #
#.........#
#.######.#..#
#.# #.......#
#..######...###


You could see 2 orc priests and an orc.

Vanquished Creatures
  An orc wizard (D:4)
  Natasha (thrice) (D:3)
  A hound skeleton (D:3)
  7 adders
  A worm (D:2)
  2 dart slugs
  3 leopard geckos (D:3)
  2 ball pythons
  A giant cockroach (D:3)
  5 goblins
  4 hobgoblins (D:3)
  7 kobolds
  A quokka (D:2)
  4 bats
  2 frilled lizards (D:2)
  6 rats
50 creatures vanquished.

Notes
Turn   | Place    | Note
-------+----------+-------------------------------------------
     0 | D:1      | Borgoz the Kobold Gladiator began the quest for the Orb.
     0 | D:1      | Reached XP level 1. HP: 12/12 MP: 1/1
   187 | D:1      | Reached XP level 2. HP: 7/18 MP: 2/2
   784 | D:2      | Reached skill level 1 in Stealth
   784 | D:2      | Reached XP level 3. HP: 22/22 MP: 3/3
   842 | D:2      | Found a shattered altar of Ashenzari.
   853 | D:2      | Became a worshipper of Ashenzari the Shackled
  1018 | D:2      | Reached XP level 4. HP: 23/27 MP: 4/4
  1559 | D:3      | Found a shimmering altar of Xom.
  1561 | D:3      | Found a shimmering altar of Xom.
  1576 | D:3      | Found a shimmering altar of Xom.
  1577 | D:3      | Found a shimmering altar of Xom.
  1577 | D:3      | Found a shimmering altar of Xom.
  1582 | D:3      | Found a shimmering altar of Xom.
  1582 | D:3      | Found a shimmering altar of Xom.
  1642 | D:3      | Reached skill level 5 in Short Blades
  1642 | D:3      | Reached skill level 1 in Armour
  1642 | D:3      | Reached XP level 5. HP: 26/32 MP: 2/5
  1714 | D:3      | Found a sacrificial altar of Ru.
  1717 | D:3      | Found a glowing golden altar of the Shining One.
  1734 | D:3      | Noticed Natasha
  1748 | D:3      | Killed Natasha
  1785 | D:3      | Noticed Natasha
  1799 | D:3      | Killed Natasha
  2149 | D:3      | Reached * piety under Ashenzari
  2477 | D:3      | Noticed Natasha
  2488 | D:3      | Killed Natasha
  2488 | D:3      | Reached XP level 6. HP: 34/38 MP: 4/6
  2526 | D:4      | Found Utheots's Armour Boutique.
  2615 | D:4      | Killed from afar by an orc priest

Levels and vault maps discovered:
D:1:      scummos_arrival_hexagon, layout_basic, serial_rivers,
          chequers_serial_rivers_micro_c, chequers_serial_rivers_micro_a,
          chequers_serial_rivers_micro_e, chequers_serial_rivers_micro_e,
          chequers_serial_rivers_large_a
D:2:      layout_basic, ashenzari_altar_1
D:3:      layout_basic, nicolae_xom_altar_mimics, grunt_temple_overflow_open,
          first_ration, uniq_natasha
D:4:      layout_basic, minmay_temple_entry_poolview, serial_shops, shop_statue

Skill      XL: |  1  2  3  4  5 |
---------------+----------------+-----
Dodging        | 4 |  4.8
Stealth        | 1 2 |  2.5
Fighting       | 3 |  3.9
Short Blades   | 5 |  5.5
Armour         | 1 |  1.3
Throwing       | |  2.1
Spellcasting   | |  0.3

Action                   |  1- 3 |  4- 6 || total
-------------------------+-------+-------++-------
Melee: Rapier            |    45 |   119 ||   164
Invok: Curse Item        |     2 |       ||     2
  Use: Scroll            |       |     5 ||     5
       Potion            |       |     3 ||     3
 Stab: Sleeping          |     4 |     2 ||     6
  Eat: Chunk             |     9 |     5 ||    14
Armor: Leather armour    |     5 |       ||     5
       Ring mail         |     8 |    27 ||    35
       Skin              |       |     9 ||     9
Dodge: Dodged            |    26 |    91 ||   117

Table legend:
 A = Non-vault XP
 B = Vault XP
 C = Vault XP percentage of total XP
 D = Non-vault monster count
 E = Vault monster count
 F = Vault count percentage of total count
                 A         B        C        D         E       F
            +---------+---------+-------+---------+---------+-------
      Total |     299 |      36 |  10.7 |      49 |       1 |   2.0
            +---------+---------+-------+---------+---------+-------
        D:1 |      24 |       0 |   0.0 |      14 |       0 |   0.0
        D:2 |      96 |       0 |   0.0 |      14 |       0 |   0.0
        D:3 |     137 |      36 |  20.8 |      20 |       1 |   4.8
        D:4 |      42 |       0 |   0.0 |       1 |       0 |   0.0
            +---------+---------+-------+---------+---------+-------
